 Dungeon Crawl Stone Soup version 0.22.1-1-ga44c0e56f4 (webtiles) character file.

351469 Ihlosi the Slayer (level 22, -26/265 HPs)
             Began as an Ogre Gladiator on Nov 1, 2018.
             Was the Champion of Okawaru.
             Annihilated by a phantasmal warrior (30 damage)
             ... on level 5 of the Vaults on Nov 3, 2018.
             The game lasted 06:05:44 (68192 turns).

Ihlosi the Slayer (Ogre Gladiator)                 Turns: 68192, Time: 06:05:45

Health: -26/265    AC: 17    Str: 29    XL:     22   Next: 56%
Magic:  35/35      EV: 17    Int: 10    God:    Okawaru [******]
Gold:   3245       SH: 19    Dex: 20    Spells: 35/39 levels left

rFire    + + +     SeeInvis +   b - +6 eveningstar (holy)
rCold    + + +     Gourm    .   Z - +2 large shield {rF+}
rNeg     . . .     Faith    +   J - +0 fire dragon scales
rPois    +         Spirit   .   B - +2 hat {MR+}
rElec    +         Reflect  .   S - +1 cloak {rPois}
rCorr    +         Harm     .   (gloves unavailable)
MR       +++..                  (boots unavailable)
Stlth    ..........             c - amulet "Faonucis" {Faith rElec rC+++ Slay+3 SInv}
HPRegen  0.54/turn              k - +3 ring of evasion
MPRegen  0.24/turn              N - ring "Vipho" {Dex+4 SInv}

@: mighty, silence, resistant, finesse, hasted, drained, very quick
A: large, unfitting armour, talons 1, molten scales 1, tough skin 1
}: 1/15 runes: barnacled
a: Renounce Religion


You were on level 5 of the Vaults.
You worshipped Okawaru.
Okawaru was exalted by your worship.
You were not hungry.

You visited 8 branches of the dungeon, and saw 39 of its levels.
You also visited: Labyrinth and Ice Cave.

You collected 5764 gold pieces.
You spent 2519 gold pieces at shops.

Inventory:

Hand Weapons
 a - a +9 giant spiked club of freezing
 b - a +6 eveningstar of holy wrath (weapon)
Missiles
 o - 66 large rocks (quivered)
Armour
 B - a +2 hat of magic resistance (worn)
 C - quicksilver dragon scales
 J - +0 fire dragon scales (worn)
 S - a +1 cloak of poison resistance (worn)
 Z - a +2 large shield of fire resistance (worn)
Jewellery
 c - the amulet "Faonucis" (around neck) {Faith rElec rC+++ Slay+3 SInv}
   (You acquired it on level 2 of the Lair of Beasts)

   [amulet of faith]

   It allows you to gain divine favour quickly.
   It affects your accuracy and damage with ranged weapons and melee attacks
   (+3).
   It renders you almost immune to cold.
   It insulates you from electricity.
   It lets you see invisible.
 k - a +3 ring of evasion (left hand)
 w - a +2 amulet of reflection
 N - the ring "Vipho" (right hand) {Dex+4 SInv}
   (You found it on level 9 of the Dungeon)

   [ring of see invisible]

   It affects your dexterity (+4).
   It lets you see invisible.
Wands
 h - a wand of disintegration (33)
 u - a wand of iceblast (24)
 x - a wand of paralysis (39)
 D - a wand of flame (78)
 H - a wand of acid (19)
 I - a wand of random effects (42)
 Q - a wand of digging (53)
 T - a wand of enslavement (25)
 U - a wand of polymorph (30)
Scrolls
 e - 2 scrolls of blinking
 f - a scroll of acquirement
 g - 10 scrolls of identify
 i - 16 scrolls of teleportation
 j - 12 scrolls of remove curse
 m - a scroll of summoning
 p - 11 scrolls of immolation
 q - 2 scrolls of amnesia
 y - a scroll of torment
 O - 11 scrolls of magic mapping
 R - 4 scrolls of fog
 V - 3 scrolls of fear
Potions
 n - 6 potions of curing
 z - a potion of haste
 A - 4 potions of flight
 F - 4 potions of ambrosia
 G - 3 potions of might
 X - a potion of cancellation
Comestibles
 l - 61 rations


   Skills:
 + Level 24.9(23.9) Fighting
 * Level 20.7(19.7) Maces & Flails
 - Level 6.0(5.3) Throwing
 * Level 7.2(6.5) Armour
 * Level 14.1(13.3) Dodging
 * Level 6.9(6.2) Shields
 - Level 9.0(8.2) Spellcasting
 * Level 5.0(4.3) Charms
 - Level 6.0(5.3) Translocations
 * Level 4.9(4.2) Air Magic
 - Level 6.0(5.3) Invocations
 - Level 3.0(2.3) Evocations


You had 35 spell levels left.
You knew the following spells:

 Your Spells              Type           Power        Failure   Level  Hunger
a - Blink                 Tloc           N/A          41%         2    #......
b - Swiftness             Chrm/Air       ##......     54%         2    #......

Your spell library contained the following spells:

 Spells                   Type           Power        Failure   Level  Hunger
 Apportation              Tloc           ##....       28%         1    None
 Infusion                 Chrm           ##..         41%         1    None
 Shroud of Golubria       Chrm/Tloc      ##........   47%         2    #......
 Song of Slaying          Chrm           ##......     54%         2    #......
 Gell's Gravitas          Tloc           ##........   65%         3    ###....
 Lesser Beckoning         Tloc           ##........   65%         3    ###....
 Teleport Other           Tloc           ##......     65%         3    ###....
 Poisonous Vapours        Pois/Air       #.....       85%         2    #......
 Animate Skeleton         Necr           N/A          95%         1    None
 Beastly Appendage        Tmut           #.....       95%         1    None
 Confusing Touch          Hex            #.....       95%         1    None
 Corona                   Hex            #......      95%         1    None
 Pain                     Necr           #...         95%         1    None
 Summon Small Mammal      Summ           #...         95%         1    None
 Portal Projectile        Hex/Tloc       #.....       95%         3    ###....
 Passage of Golubria      Tloc           N/A          96%         4    ####...
 Ozocubu's Armour         Chrm/Ice       #.......     97%         3    ###....
 Regeneration             Chrm/Necr      #.........   97%         3    ###....
 Spectral Weapon          Hex/Chrm       #.......     97%         3    ###....
 Static Discharge         Conj/Air       #.......     97%         3    ###....
 Corpse Rot               Necr           N/A          98%         2    #......
 Ensorcelled Hibernation  Hex/Ice        #.....       98%         2    #......
 Passwall                 Tmut/Erth      #.......     98%         2    #......
 Slow                     Hex            #.......     98%         2    #......
 Sticks to Snakes         Tmut           #.......     98%         2    #......
 Sublimation of Blood     Necr           #.........   98%         2    #......
 Throw Frost              Conj/Ice       #.....       98%         2    #......
 Mephitic Cloud           Conj/Pois/Air  #.......     99%         3    ###....
 Confuse                  Hex            #.......     100%        3    ###....
 Dazzling Spray           Conj/Hex       #.....       100%        3    ###....
 Ignite Poison            Fire/Tmut/Pois #.......     100%        3    ###....
 Inner Flame              Hex/Fire       #.......     100%        3    ###....
 Spider Form              Tmut/Pois      #.........   100%        3    ###....
 Tukima's Dance           Hex            #.......     100%        3    ###....
 Vampiric Draining        Necr           #.........   100%        3    ###....
 Cause Fear               Hex            #.........   100%        4    ####...
 Ice Form                 Ice/Tmut       #.......     100%        4    ####...
 Leda's Liquefaction      Hex/Erth       #.........   100%        4    ####...
 Olgreb's Toxic Radiance  Pois           #.......     100%        4    ####...
 Petrify                  Tmut/Erth      #.......     100%        4    ####...
 Summon Ice Beast         Ice/Summ       #.......     100%        4    ####...
 Throw Icicle             Conj/Ice       #.......     100%        4    ####...
 Agony                    Necr           #.......     100%        5    ######.
 Aura of Abjuration       Summ           #.........   100%        5    ######.
 Blade Hands              Tmut           #.........   100%        5    ######.
 Bolt of Draining         Conj/Necr      #.........   100%        5    ######.
 Borgnjor's Vile Clutch   Necr/Erth      #.........   100%        5    ######.
 Dispel Undead            Necr           #.......     100%        5    ######.
 Excruciating Wounds      Chrm/Necr      #.........   100%        5    ######.
 Irradiate                Conj/Tmut      #.........   100%        5    ######.
 Lee's Rapid Deconstruct  Erth           #.........   100%        5    ######.
 Lightning Bolt           Conj/Air       #.........   100%        5    ######.
 Metabolic Englaciation   Hex/Ice        #.........   100%        5    ######.
 Silence                  Hex/Air        #.........   100%        5    ######.
 Summon Demon             Summ           #.........   100%        5    ######.
 Venom Bolt               Conj/Pois      #.........   100%        5    ######.
 Yara's Violent Unravell  Hex/Tmut       #.........   100%        5    ######.
 Bolt of Cold             Conj/Ice       #.........   100%        6    #######
 Darkness                 Hex            #.........   100%        6    #######
 Deflect Missiles         Chrm/Air       ##........   100%        6    #######
 Freezing Cloud           Conj/Ice/Air   #.........   100%        6    #######
 Hydra Form               Tmut           #.........   100%        6    #######
 Invisibility             Hex            #.......     100%        6    #######
 Ozocubu's Refrigeration  Ice            #.........   100%        6    #######
 Poison Arrow             Conj/Pois      #.........   100%        6    #######
 Statue Form              Tmut/Erth      #........    100%        6    #######
 Dragon Form              Tmut           #.........   100%        7    #######
 Chain Lightning          Conj/Air       #.........   100%        8    #######
 Discord                  Hex            #.........   100%        8    #######
 Ignition                 Fire           #.........   100%        8    #######
 Lehudib's Crystal Spear  Conj/Erth      #.........   100%        8    #######
 Fire Storm               Conj/Fire      #.........   100%        9    #######
 Glaciate                 Conj/Ice       #.........   100%        9    #######
 Shatter                  Erth           #.........   100%        9    #######
 Tornado                  Air            ##........   100%        9    #######


Dungeon Overview and Level Annotations

Branches:
Dungeon (15/15)            Temple (1/1) D:4            Lair (6/6) D:11
 Shoals (4/4) Lair:4        Snake (3/4) Lair:2        Slime (0/5) Lair:6
    Orc (2/2) D:11            Elf (3/3) Orc:2        Vaults (5/5) D:14
  Crypt (0/3) Vaults:3     Depths (0/5) D:15

Altars:
Ashenzari
Cheibriados
Dithmenos
Elyvilon
Fedhas
Gozag
Hepliaklqana
Kikubaaqudgha
Makhleb
Nemelex Xobeh
Okawaru
Qazlal
Ru
Sif Muna
Trog
Uskayaw
Vehumet
Wu Jian
Xom
Yredelemnul
Zin
The Shining One
Beogh

Shops:
D:11 [(   D:13 (   D:15 [   Orc:1 *   Orc:2 *}!!   Elf:1 }   Elf:3 *
Shoals:3 }[*   Vaults:1 ?   Vaults:3 ?

Annotations:
Lair:3 Ants
Lair:4 exclusion: oklob plant
Lair:5 exclusion: oklob plant
Snake:1 1 transporter
Elf:1 exclusion: 2 lightning spires
Vaults:3 Need rN?


Innate Abilities, Weirdness & Mutations

You are too large for most types of armour.
You have tough skin. (AC +1)
You have sharp toenails.
You are partially covered in molten scales. (AC +2)


Message History

The titan is engulfed in blazing flames.
The yaktaur captain is engulfed in blazing flames.
The phantasmal warrior blinks!
The war gargoyle is engulfed in blazing flames.
The ghoul is engulfed in blazing flames.
The yaktaur is engulfed in blazing flames.
The yaktaur captain is engulfed in blazing flames.
The titan is engulfed in blazing flames.
You block the phantasmal warrior's attack.
You feel better.
The war gargoyle is engulfed in blazing flames.
The yaktaur captain is engulfed in blazing flames.
You kill the yaktaur captain!
Okawaru accepts your kill.
The titan is engulfed in blazing flames.
The golden dragon breathes cold at you. The bolt of cold hits you! You resist.
* * * LOW HITPOINT WARNING * * *
The phantasmal warrior hits you!!
You die...

# #%...# .#.#.#%...#
##..#.#%..%# .
..%..#.%%.# Y#
##%..#%..%#.#.
%.%..%%).))%..
##############%.)()p.)##
............p.§))C<.)).%
.......@.C.p.pC)C))<).n.
........W.%D9pn§)<<)%.c.
...........p%c.))%)%....
##############%c.)....##
..%..(..... ...#...c#...
.%..#|...##..
.....#...%# .#
......#.%..#


You could see a ghoul, a titan, a golden dragon, a vault warden, an ettin, 4
hell knights, a war gargoyle, a phantasmal warrior and a yaktaur.

Vanquished Creatures
  Vashnia (Snake:2)
  A bone dragon (Elf:1)
  A lich (Vaults:3)
  Rupert (D:14)
  The ghost of konokrad666 the Fencer, an adept DsGl of Makhleb (Shoals:4)
  Donald (Orc:2)
  Kirke (Snake:2)
  2 azure jellies (Elf:1)
  The ghost of Sverke the Peltast, an adept GrMo of Ashenzari (Elf:2)
  14 vault wardens
  2 orc warlords (D:11)
  A ghoul (Vaults:1)
  5 stone giants
  16 ironheart preservers
  2 very ugly things (IceCv)
  A vampire knight (Vaults:3)
  Azrael (Elf:1)
  A deep elf demonologist (Elf:2)
  A minotaur (Lab)
  2 dire elephants (Lair:6)
  5 merfolk javelineers
  5 ettins
  Snorg (Lair:5)
  5 deep elf death magi
  2 fire dragons
  2 great orbs of eyes
  18 merfolk impalers
  4 yaktaur captains
  7 hydras
  Erolcha (D:13)
  2 juggernaut simulacra (Elf:1)
  2 naga warriors (Snake:2)
  An alligator snapping turtle (Shoals:2)
  3 deep elf high priests
  An ice dragon (Vaults:1)
  3 merfolk avatars
  3 ghost crabs (Elf:1)
  2 rakshasas
  27 vault guards
  Harold (Lair:1)
  Erica (D:10)
  4 catoblepae
  10 ogre magi
  8 centaur warriors
  27 two-headed ogres
  A queen ant (Lair:5)
  3 anacondas (Snake:2)
  8 merfolk aquamancers
  19 dancing weapons
  A tengu warrior (D:15)
  2 death knights
  A satyr (Shoals:3)
  5 deep troll earth magi
  3 deep troll shamans
  2 vampire magi
  Urug (Lair:2)
  7 death yaks
  20 deep elf knights
  8 naga sharpshooters
  A titan skeleton (Vaults:3)
  Sonja (Lair:5)
  2 hell knights
  5 shock serpents
  A shadow wraith (Vaults:3)
  2 unseen horrors
  14 skeletal warriors
  14 sea snakes
  A death drake (Elf:1)
  A glowing orange brain (Vaults:4)
  A naga ritualist (Snake:1)
  A flayed ghost (Vaults:4)
  14 deep trolls
  A tengu zombie (Vaults:1)
  A phantasmal warrior (Vaults:1)
  Pikel (D:8)
  15 harpies
  6 ironbrand convokers
  14 deep elf archers
  3 lindwurms
  A lindwurm (shapeshifter) (Vaults:3)
  20 orc knights
  2 wolf spiders
  4 mana vipers
  6 necromancers
  4 orc sorcerers (Orc:1)
  43 deep elf magi
  11 fauns
  A tengu skeleton (Vaults:3)
  7 salamanders
  13 cyclopes
  2 sphinx skeletons (Elf:1)
  16 manticores
  53 ugly things
  7 ice statues
  4 centaur zombies
  20 black mambas
  11 merfolk sirens
  A fire giant skeleton (Vaults:2)
  5 naga magi
  An elephant (shapeshifter) (Elf:2)
  An eye of devastation (Lair:6)
  2 human skeletons
  6 torpor snails
  13 elephants
  9 water nymphs
  A frost giant skeleton (Vaults:3)
  A guardian serpent (Snake:2)
  A stone giant skeleton (Vaults:2)
  A spiny frog (shapeshifter) (Vaults:2)
  11 spiny frogs
  6 vault sentinels
  A storm dragon simulacrum (Vaults:1)
  A spriggan skeleton (Elf:1)
  5 freezing wraiths
  A komodo dragon (shapeshifter) (Elf:1)
  A kobold demonologist (D:13)
  2 gargoyles (D:14)
  An efreet (D:14)
  13 komodo dragons
  A redback zombie (D:14)
  4 rime drakes
  40 yaktaurs
  A yaktaur zombie (Vaults:3)
  4 anaconda simulacra
  A tengu conjurer (D:14)
  11 trolls
  A jumping spider (shapeshifter) (D:14)
  6 meliai
  12 hornets
  43 merfolk
  A shadow dragon simulacrum (Vaults:3)
  A queen bee (shapeshifter) (D:14)
  2 wind drakes
  A polar bear (Lair:6)
  A queen bee (D:13)
  A sphinx simulacrum (Vaults:2)
  3 tyrant leeches (Lair:6)
  2 hornets (shapeshifter) (Vaults:1)
  10 hippogriffs
  6 blink frogs
  16 slime creatures
  8 snapping turtles
  21 dream sheep
  A hippogriff (shapeshifter) (Vaults:3)
  An elf simulacrum (Elf:1)
  2 wyverns
  2 redbacks (Elf:1)
  5 wraiths
  A tarantella (Elf:1)
  A tarantella (shapeshifter) (Vaults:3)
  5 air elementals (Elf:1)
  15 water elementals
  18 yaks
  3 fire elementals
  A basilisk (D:14)
  5 hogs
  A human (D:7)
  A vampire mosquito (D:13)
  2 steam dragons (D:12)
  A hungry ghost (D:14)
  4 harpy simulacra
  12 wargs
  19 nagas
  2 acid dragons
  5 soldier ants (Lair:3)
  2 hydra simulacra (IceCv)
  11 water moccasins
  3 hell hounds (Elf:1)
  13 porcupines
  57 orc warriors
  6 small abominations
  7 ice beasts
  2 black bears
  A fire dragon simulacrum (Elf:1)
  An eye of draining (shapeshifter) (Vaults:1)
  An ettin simulacrum (IceCv)
  2 eyes of draining
  A necrophage (D:8)
  An orc zombie (Vaults:1)
  3 sky beasts
  48 ogres
  12 boggarts
  4 human zombies
  28 centaurs
  5 phantoms
  A black mamba simulacrum (Elf:1)
  8 crocodiles
  4 big kobolds
  18 bullfrogs
  An earth elemental (Elf:2)
  5 scorpions
  An elephant simulacrum (Elf:1)
  2 human simulacra
  45 killer bees
  An orc simulacrum (Vaults:1)
  8 wights
  3 howler monkeys
  19 crimson imps
  A quasit (D:13)
  A bullfrog zombie (D:7)
  7 centaur skeletons
  3 jellies
  19 orc priests
  A gnoll shaman (D:7)
  11 hounds
  18 orc wizards
  A bullfrog skeleton (D:11)
  33 worker ants
  3 troll simulacra (Elf:1)
  5 hell rats (Lair:6)
  2 hound zombies
  A hound skeleton (D:4)
  3 howler monkey skeletons
  A worker ant zombie (D:9)
  21 adders
  18 gnolls
  6 shadow imps
  3 oozes
  An adder skeleton (D:7)
  2 worms
  A dart slug (D:2)
  6 leopard geckos
  101 orcs
  A bat zombie (D:9)
  5 giant cockroaches
  5 goblins
  4 hobgoblins
  7 jackals
  26 kobolds
  3 quokkas
  2 ball pythons
  10 bats
  3 frilled lizards
  A leopard gecko skeleton (D:5)
  A quokka zombie (D:5)
  11 rats
  A rat zombie (D:9)
  A crawling corpse (Elf:2)
  4 fungi
  4 plants
  4 tentacles (Shoals:2)
1680 creatures vanquished.

Vanquished Creatures (others)
  A deep elf knight (Vaults:4)
  2 deep elf magi
  A manticore (Shoals:4)
  3 orc warriors (Orc:2)
  A slave (D:10)
  A boggart (Vaults:3)
  2 centaurs (Orc:2)
  A killer bee (D:13)
  A bullfrog zombie (D:8)
  A hound (D:10)
  A worker ant (D:8)
  2 gnolls (D:8)
  An adder (D:10)
  2 ball lightnings (Elf:1)
  6 orcs (Orc:2)
  2 bushes
  29 fungi
  41 plants
  9 tentacles (Shoals:2)
107 creatures vanquished.

Grand Total: 1787 creatures vanquished

Notes
Turn   | Place    | Note
-------+----------+-------------------------------------------
     0 | D:1      | Ihlosi the Ogre Gladiator began the quest for the Orb.
     0 | D:1      | Reached XP level 1. HP: 22/22 MP: 1/1
   307 | D:1      | Reached XP level 2. HP: 26/29 MP: 2/2
   351 | D:1      | Reached skill level 3 in Fighting
   651 | D:1      | Reached XP level 3. HP: 32/37 MP: 3/3
  1162 | D:3      | Found a faded altar of an unknown god.
  1633 | D:2      | Reached skill level 4 in Fighting
  1633 | D:2      | Reached XP level 4. HP: 48/48 MP: 4/4
  1815 | D:3      | Found a deep blue altar of Sif Muna.
  1817 | D:3      | Found a hide-covered altar of Uskayaw.
  2275 | D:3      | Reached XP level 5. HP: 45/55 MP: 5/5
  2334 | D:3      | Reached skill level 5 in Fighting
  2717 | D:4      | Noticed a phantom
  2783 | D:4      | Reached XP level 6. HP: 51/67 MP: 6/6
  2897 | D:4      | Reached skill level 6 in Fighting
  3002 | D:4      | Found a stormy altar of Qazlal.
  3195 | D:4      | Found a staircase to the Ecumenical Temple.
  3205 | Temple   | Entered the Ecumenical Temple
  3211 | Temple   | Became a worshipper of Warmaster Okawaru
  3439 | D:4      | Found a glowing golden altar of the Shining One.
  3539 | D:4      | Gained mutation: You are partially covered in molten
                  | scales. (AC +2) [potion of mutation]
  3539 | D:4      | Gained mutation: You have sharp toenails. [potion of
                  | mutation]
  3655 | D:5      | Entered Level 5 of the Dungeon
  3798 | D:5      | Found a shimmering altar of Xom.
  3827 | D:5      | Reached skill level 7 in Fighting
  3827 | D:5      | Reached skill level 5 in Dodging
  3827 | D:5      | Reached XP level 7. HP: 78/78 MP: 7/7
  3848 | D:5      | Reached skill level 1 in Invocations
  4012 | D:5      | Reached * piety under Okawaru
  4526 | D:5      | Reached skill level 8 in Fighting
  4820 | D:5      | Reached XP level 8. HP: 54/91 MP: 9/9
  5006 | D:5      | Reached skill level 9 in Fighting
  5444 | D:4      | Reached ** piety under Okawaru
  5530 | D:5      | Reached skill level 10 in Fighting
  5609 | D:6      | Found a shadowy altar of Dithmenos.
  5732 | D:6      | Found a white marble altar of Elyvilon.
  5797 | D:6      | Reached skill level 1 in Armour
  5902 | D:6      | Found a glowing silver altar of Zin.
  6009 | D:6      | Reached XP level 9. HP: 100/102 MP: 11/11
  6031 | D:6      | Reached skill level 11 in Fighting
  6067 | D:6      | Reached *** piety under Okawaru
  6500 | D:6      | Found a sparkling altar of Nemelex Xobeh.
  6713 | D:6      | Found an opulent altar of Gozag.
  7161 | D:7      | Reached skill level 5 in Maces & Flails
  8053 | D:7      | Reached skill level 12 in Fighting
  8201 | D:7      | Reached XP level 10. HP: 97/117 MP: 12/12
  8222 | D:7      | Reached **** piety under Okawaru
 10408 | D:7      | Found a shattered altar of Ashenzari.
 10408 | D:7      | Found a radiant altar of Vehumet.
 10835 | D:8      | Noticed Pikel
 10888 | D:8      | Killed Pikel
 10888 | D:8      | Reached skill level 13 in Fighting
 11586 | D:9      | Got a steaming lapis lazuli ring
 11588 | D:9      | Identified the ring "Vipho" {Dex+4 SInv} (You found it on
                  | level 9 of the Dungeon)
 11680 | D:9      | Found an ancient bone altar of Kikubaaqudgha.
 11980 | D:9      | Noticed a two-headed ogre
 12091 | D:9      | Killed a two-headed ogre
 12091 | D:9      | Reached ***** piety under Okawaru
 12091 | D:9      | Reached XP level 11. HP: 63/127 MP: 13/13
 12264 | D:10     | Entered Level 10 of the Dungeon
 12344 | D:10     | Noticed a two-headed ogre
 12998 | D:10     | Noticed Erica
 13006 | D:10     | Killed Erica
 13006 | D:10     | Reached skill level 1 in Evocations
 13303 | D:11     | Found Zessiyli's Weapon Boutique.
 13305 | D:11     | Found a staircase to the Orcish Mines.
 13307 | D:11     | Found Udiadeo's Armour Boutique.
 13812 | D:11     | Received a gift from Okawaru
 13829 | D:11     | Noticed a centaur warrior
 14066 | D:11     | Noticed a two-headed ogre
 14203 | D:11     | Noticed an unseen horror
 14212 | D:11     | Killed an unseen horror
 14212 | D:11     | Reached skill level 10 in Maces & Flails
 15001 | D:11     | Killed a two-headed ogre
 15134 | D:11     | Killed a centaur warrior
 15530 | D:11     | Found a staircase to the Lair.
 15884 | D:11     | Noticed a red ugly thing
 15951 | D:11     | Reached skill level 14 in Fighting
 16019 | Lair:1   | Entered Level 1 of the Lair of Beasts
 16063 | Lair:1   | Reached XP level 12. HP: 131/139 MP: 14/14
 16364 | Lair:1   | Noticed a five-headed hydra
 16737 | Lair:2   | Found a staircase to the Snake Pit.
 16785 | Lair:2   | Noticed Urug
 16805 | Lair:2   | Killed Urug
 17159 | Lair:1   | Noticed Harold
 17162 | Lair:1   | Killed Harold
 17388 | Lair:1   | Killed a five-headed hydra
 17388 | Lair:1   | Received a gift from Okawaru
 19390 | Lair:3   | Got an ichor-stained spear
 19391 | Lair:3   | Identified the +12 spear "Fiummel" {vamp, rElec Str-3
                  | Int+8} (You found it on level 3 of the Lair of Beasts)
 19691 | Lair:3   | Reached skill level 1 in Shields
 20280 | Lair:3   | Noticed a seven-headed hydra
 20291 | Lair:3   | Killed a seven-headed hydra
 20349 | Lair:3   | Noticed a seven-headed hydra
 20361 | Lair:3   | Killed a seven-headed hydra
 20464 | Lair:3   | Noticed a queen ant
 20483 | Lair:3   | Reached XP level 13. HP: 88/148 MP: 9/15
 20964 | Orc:1    | Entered Level 1 of the Orcish Mines
 21231 | Orc:1    | Found Miqoak's Assorted Antiques.
 21272 | Orc:1    | Reached skill level 15 in Fighting
 21291 | Orc:2    | Entered Level 2 of the Orcish Mines
 21388 | Orc:1    | Noticed an orc warlord
 22056 | D:11     | Killed an orc warlord
 22056 | D:11     | Received a gift from Okawaru
 22407 | Orc:1    | Noticed an orc warlord
 24197 | D:13     | Found a labyrinth entrance.
 24235 | Lab      | Entered a labyrinth
 25122 | Lab      | Noticed a minotaur
 25136 | Lab      | Killed a minotaur
 25144 | Lab      | Identified the Tome of Companions and Lightness
 25512 | D:13     | Found Omoim's Weapon Shoppe.
 25646 | D:13     | Received a gift from Okawaru
 25821 | D:13     | Reached skill level 16 in Fighting
 25840 | D:13     | Received a gift from Okawaru
 25852 | D:13     | Found a white marble altar of Elyvilon.
 25951 | D:13     | Reached XP level 14. HP: 162/162 MP: 16/16
 26237 | D:13     | Noticed Erolcha
 26397 | D:13     | Identified a scroll of acquirement
 26398 | D:13     | Got a glittering emerald amulet
 26400 | D:13     | Identified the amulet of Loiss {Acrobat Int+5} (You
                  | acquired it on level 13 of the Dungeon)
 26431 | D:13     | Killed Erolcha
 26431 | D:13     | Received a gift from Okawaru
 26431 | D:13     | Reached skill level 5 in Shields
 27043 | D:14     | Noticed Rupert
 27199 | D:14     | Killed Rupert
 27199 | D:14     | Received a gift from Okawaru
 27384 | Lair:3   | Reached skill level 15 in Maces & Flails
 27777 | Lair:4   | Found a staircase to the Shoals.
 27855 | Lair:4   | Found a hide-covered altar of Uskayaw.
 28702 | Lair:4   | Learned a level 2 spell: Blink
 28794 | Lair:5   | Identified An Early Guide to Spellcasting
 29062 | Lair:5   | Noticed Snorg
 29079 | Lair:5   | Killed Snorg
 29167 | Lair:5   | Noticed Sonja
 29187 | Lair:5   | Killed Sonja
 29187 | Lair:5   | Reached skill level 1 in Spellcasting
 29751 | Lair:5   | Reached skill level 1 in Translocations
 29967 | Lair:6   | Entered Level 6 of the Lair of Beasts
 30001 | Lair:6   | Found a staircase to the Slime Pits.
 30008 | Lair:5   | Received a gift from Okawaru
 30008 | Lair:5   | Reached skill level 17 in Fighting
 30009 | Lair:5   | Got an ancient bardiche {god gift}
 30012 | Lair:5   | Identified the +6 bardiche "Efedghotu" {chop, Str+5 Int+4}
                  | (Okawaru gifted it to you on level 5 of the Lair of Beasts)
 30174 | Lair:5   | Reached XP level 15. HP: 142/174 MP: 18/18
 30656 | Lair:6   | Got a shimmering leather armour
 30659 | Lair:6   | Identified the +3 leather armour "Geade" {+Fly rPois Int+5
                  | Dex-5} (You found it on level 6 of the Lair of Beasts)
 30829 | Lair:6   | Received a gift from Okawaru
 31398 | Lair:6   | Received a gift from Okawaru
 31399 | Lair:6   | Found the +2 cloak of the Thief {+Fog Slay-2 SInv Stlth+}
 31909 | Lair:6   | Reached ****** piety under Okawaru
 31925 | Lair:6   | Reached skill level 10 in Dodging
 32101 | Lair:6   | Found a runed door.
 32155 | Lair:6   | Reached skill level 18 in Fighting
 33222 | D:11     | Killed an orc warlord
 34716 | Orc:1    | Reached XP level 16. HP: 172/188 MP: 14/20
 35038 | Orc:2    | Received a gift from Okawaru
 35268 | Orc:2    | Found a staircase to the Elven Halls.
 35323 | Orc:2    | Found Usifick's Gadget Boutique.
 35323 | Orc:2    | Found Suduaghu's Distillery.
 35325 | Orc:2    | Found Linefoal's Distillery.
 35327 | Orc:2    | Found Xuontemn's General Store.
 35332 | Orc:2    | Bought a scroll of enchant weapon for 112 gold pieces
 35332 | Orc:2    | Bought a scroll of identify for 30 gold pieces
 35341 | Orc:2    | Bought a potion of heal wounds for 65 gold pieces
 35341 | Orc:2    | Bought a potion of haste for 130 gold pieces
 35341 | Orc:2    | Bought a potion of curing for 39 gold pieces
 35341 | Orc:2    | Bought a potion of curing for 39 gold pieces
 35341 | Orc:2    | Bought a potion of curing for 39 gold pieces
 35341 | Orc:2    | Bought a potion of haste for 130 gold pieces
 35341 | Orc:2    | Bought a potion of ambrosia for 104 gold pieces
 35666 | Orc:2    | Found a roughly hewn altar of Beogh.
 35667 | Orc:2    | Noticed Donald
 35728 | Orc:1    | Bought a potion of heal wounds for 135 gold pieces
 36148 | Orc:2    | Killed Donald
 36150 | Orc:2    | Got a faintly humming shield {Donald}
 36158 | Orc:1    | Identified the +3 shield "Juhucsenn" {rPois rF- Int+9} (You
                  | took it off Donald on level 2 of the Orcish Mines)
 36748 | Snake:1  | Entered Level 1 of the Snake Pit
 37295 | Snake:1  | Found an ancient bone altar of Kikubaaqudgha.
 37391 | Snake:1  | Got a smoking scale mail
 37392 | Snake:1  | Identified the cursed +0 scale mail of Weirdness {rElec}
                  | (You found it on level 1 of the Snake Pit)
 37403 | Snake:1  | Found a transporter.
 37429 | Snake:1  | Received a gift from Okawaru
 37709 | Snake:1  | Received a gift from Okawaru
 37710 | Snake:1  | Got a colourful robe {god gift}
 37734 | Snake:1  | Identified the +1 robe "Peth" {+Blink +Fly rF- rN+ Slay+2}
                  | (Okawaru gifted it to you on level 1 of the Snake Pit)
 38040 | Snake:1  | Got a dazzling battleaxe
 38042 | Snake:1  | Identified the +6 battleaxe "Julanos" {venom, rN+ MR+
                  | Dex-5} (You found it on level 1 of the Snake Pit)
 38165 | Snake:1  | Found a deep blue altar of Sif Muna.
 38624 | Snake:2  | Got an iridescent falchion
 38633 | Snake:2  | Identified the +5 falchion "Othun" {speed, +Fly rElec} (You
                  | found it on level 2 of the Snake Pit)
 38642 | Snake:2  | Noticed Kirke
 38644 | Snake:2  | Noticed a sphinx
 38692 | Snake:2  | Killed Kirke
 39036 | Snake:2  | Noticed Vashnia
 39588 | Snake:2  | Killed Vashnia
 39588 | Snake:2  | Reached skill level 19 in Fighting
 41119 | Lair:2   | Got a coiled ruby amulet
 41121 | Lair:2   | Identified the amulet "Faonucis" {Faith rElec rC+++ Slay+3
                  | SInv} (You acquired it on level 2 of the Lair of Beasts)
 41161 | Shoals:1 | Entered Level 1 of the Shoals
 41517 | Lair:4   | Reached XP level 17. HP: 72/198 MP: 21/21
 41542 | Lair:4   | Received a gift from Okawaru
 41543 | Lair:4   | Got a steaming great mace {god gift}
 41545 | Lair:4   | Identified the +8 great mace "Uviuhy" {venom, rC+} (Okawaru
                  | gifted it to you on level 4 of the Lair of Beasts)
 42529 | Shoals:1 | Reached skill level 5 in Armour
 43304 | Shoals:1 | Received a gift from Okawaru
 44189 | Shoals:2 | Received a gift from Okawaru
 44694 | Shoals:2 | Reached skill level 20 in Fighting
 45202 | Shoals:2 | Noticed a kraken
 45281 | Shoals:2 | a kraken changed into an alligator snapping turtle
 46121 | Shoals:3 | Found Esuan's Gadget Boutique.
 46193 | Shoals:3 | Found Tuce's Antique Armour Boutique.
 46344 | Shoals:3 | Received a gift from Okawaru
 46395 | Shoals:3 | Found Lestrismo's Assorted Antiques.
 46403 | Shoals:3 | Bought a scroll of magic mapping for 112 gold pieces
 46647 | Shoals:4 | Entered Level 4 of the Shoals
 46795 | Shoals:4 | Found the +4 dagger "Morg" {pain, MR+ Int+5}
 47025 | Shoals:4 | Found a runed door.
 47026 | Shoals:4 | Noticed konokrad666's ghost (adept DsGl)
 47155 | Shoals:4 | Reached XP level 18. HP: 105/213 MP: 18/24
 47156 | Shoals:4 | Reached skill level 21 in Fighting
 48513 | Shoals:4 | Got a barnacled rune of Zot
 48614 | Shoals:4 | Got a steaming short sword
 48616 | Shoals:4 | Identified the +5 short sword of Defence by Offence {flame,
                  | +Fly rElec MR+++ MP-9} (You found it on level 4 of the
                  | Shoals)
 48897 | Shoals:4 | Learned a level 2 spell: Swiftness
 49720 | Shoals:4 | Received a gift from Okawaru
 49720 | Shoals:4 | Reached skill level 22 in Fighting
 49821 | Shoals:4 | Killed konokrad666's ghost
 50082 | D:14     | Found an opulent altar of Gozag.
 50238 | D:14     | Reached skill level 5 in Spellcasting
 50919 | D:14     | Received a gift from Okawaru
 50920 | D:14     | Got a translucent spear {god gift}
 51027 | D:14     | Found a gate to the Vaults.
 51162 | D:14     | Identified the +4 spear "Jaizin" {venom, rC+ Str-2 Dex+8}
                  | (Okawaru gifted it to you on level 14 of the Dungeon)
 51435 | D:15     | Entered Level 15 of the Dungeon
 51724 | D:15     | Found a blossoming altar of Fedhas.
 51981 | D:15     | Got a spiked leather armour
 51982 | D:15     | Identified the +1 leather armour "Zuchis" {rN+ Str+5} (You
                  | found it on level 15 of the Dungeon)
 51986 | D:15     | Found a staircase to the Depths.
 52028 | D:15     | Found Lokio's Antique Armour Shoppe.
 52308 | D:15     | Reached skill level 5 in Translocations
 52406 | D:15     | Reached skill level 23 in Fighting
 53005 | Vaults:1 | Entered Level 1 of the Vaults
 53005 | Vaults:1 | Found Runkygry's Magic Scroll Boutique.
 53137 | Vaults:1 | Received a gift from Okawaru
 53141 | Vaults:1 | Reached XP level 19. HP: 191/231 MP: 28/28
 53427 | Vaults:1 | Reached skill level 1 in Charms
 53430 | Vaults:1 | Reached skill level 1 in Air Magic
 53776 | Vaults:1 | Received a gift from Okawaru
 55356 | Vaults:1 | Received a gift from Okawaru
 56205 | Vaults:2 | Received a gift from Okawaru
 56237 | Vaults:2 | Reached skill level 24 in Fighting
 56726 | Vaults:2 | Reached XP level 20. HP: 216/244 MP: 27/31
 57109 | Vaults:2 | Received a gift from Okawaru
 57110 | Vaults:2 | Found the +5 robe of Night {Dark MR+ SInv}
 59044 | Vaults:3 | Received a gift from Okawaru
 59624 | Vaults:3 | Received a gift from Okawaru
 59625 | Vaults:3 | Got a shimmering flail {god gift}
 59639 | Vaults:3 | Reached skill level 5 in Invocations
 59774 | Vaults:3 | Identified the +7 flail "Emenes" {venom, rElec} (Okawaru
                  | gifted it to you on level 3 of the Vaults)
 60375 | Vaults:3 | Found Dimojy's Magic Scroll Emporium.
 60384 | Vaults:3 | Bought a scroll of acquirement for 520 gold pieces
 60384 | Vaults:3 | Bought a scroll of fear for 35 gold pieces
 60425 | Vaults:3 | Received a gift from Okawaru
 60675 | Vaults:3 | Found a staircase to the Crypt.
 60975 | Vaults:4 | Reached XP level 21. HP: 202/254 MP: 33/33
 61603 | Elf:1    | Entered Level 1 of the Elven Halls
 61623 | Elf:1    | Received a gift from Okawaru
 61669 | Elf:1    | Found a frozen archway.
 61708 | IceCv    | Entered an ice cave
 62040 | IceCv    | Got a smoking hunting sling
 62041 | IceCv    | Identified the cursed +2 hunting sling "Nipu Qiu" {freeze,
                  | rElec rF- Int-5 SInv} (You found it in an ice cave)
 62342 | Elf:1    | Reached skill level 5 in Throwing
 62433 | Elf:1    | Noticed a bone dragon
 62454 | Elf:1    | Killed a bone dragon
 62765 | Elf:1    | Identified Loylaec's Compendium of Stolen Souls
 62955 | Elf:1    | Noticed Azrael
 62964 | Elf:1    | Received a gift from Okawaru
 62969 | Elf:1    | Killed Azrael
 62979 | Elf:1    | Got a jewelled dire flail {god gift}
 62980 | Elf:1    | Identified the +4 dire flail of the Scorpion {drain,
                  | *Contam rPois rF+ SInv} (Okawaru gifted it to you on level
                  | 1 of the Elven Halls)
 63156 | Elf:1    | Found a deep blue altar of Sif Muna.
 63297 | Elf:1    | Identified the Catalogue of Envenoming
 63324 | Elf:1    | Found Hakuemid's Gadget Emporium.
 63333 | Elf:1    | Bought a wand of flame (24) for 182 gold pieces
 63333 | Elf:1    | Bought a wand of flame (17) for 133 gold pieces
 63333 | Elf:1    | Bought a wand of flame (25) for 189 gold pieces
 63440 | Elf:1    | Identified Larphuimn's Catalogue of Ice
 64170 | Elf:2    | Received a gift from Okawaru
 64171 | Elf:2    | Got translucent storm dragon scales {god gift}
 64622 | Elf:2    | Found a runed gate.
 64622 | Elf:2    | Found a runed gate.
 64624 | Elf:2    | Found a runed gate.
 64625 | Elf:2    | Noticed Sverke's ghost (adept GrMo)
 64639 | Elf:2    | Killed Sverke's ghost
 64772 | Elf:2    | Got a pitted tin ring
 65044 | Elf:2    | Found a huge runed gate.
 65044 | Elf:2    | Found a huge runed gate.
 65045 | Elf:2    | Found a huge runed gate.
 65267 | Elf:2    | Found a huge runed gate.
 65271 | Elf:2    | Found a huge runed gate.
 65724 | Elf:2    | Reached XP level 22. HP: 214/265 MP: 35/35
 65861 | Elf:2    | Received a gift from Okawaru
 66063 | Elf:3    | Entered Level 3 of the Elven Halls
 66074 | Elf:3    | Found Foagret's Assorted Antiques.
 66084 | Elf:3    | Bought a glowing pearl amulet for 210 gold pieces
 66084 | Elf:3    | Bought a scroll of enchant armour for 315 gold pieces
 66086 | Elf:3    | Identified the +1 storm dragon scales of Omission {-Cast
                  | rElec rN+++ Str-5 Int+7} (Okawaru gifted it to you on level
                  | 2 of the Elven Halls)
 68158 | Vaults:5 | Entered Level 5 of the Vaults
 68160 | Vaults:5 | Noticed a golden dragon
 68166 | Vaults:5 | Received a gift from Okawaru
 68170 | Vaults:5 | Reached skill level 5 in Charms
 68186 | Vaults:5 | HP: 2/265 [titan/the air (23)]
 68192 | Vaults:5 | HP: 4/265 [golden dragon/bolt of cold (5)]
 68192 | Vaults:5 | Annihilated by a phantasmal warrior

Skill      XL: |  1  2  3  4  5  6  7  8  9 10 11 12 13 14 15 16 17 18 19 20 21 22 |
---------------+-------------------------------------------------------------------+-----
Maces & Flails | 3 6 9 11 12 14 15 16 17 18 19 20 | 20.7
Fighting       | 3 4 5 7 8 10 12 13 14 16 17 18 19 20 23 24 | 24.9
Dodging        | 3 4 5 6 7 8 9 10 11 12 13 14 | 14.1
Invocations    | 2 3 5 6 |  6.0
Armour         | 1 3 4 6 7 |  7.2
Evocations     | 3 |  3.0
Shields        | 3 4 6 |  6.9
Spellcasting   | 2 3 4 6 7 8 9 |  9.0
Translocations | 1 3 5 6 |  6.0
Charms         | 3 4 5 |  5.0
Air Magic      | 3 4 |  4.9
Throwing       | 4 6 |  6.0

Action                   |  1- 3 |  4- 6 |  7- 9 | 10-12 | 13-15 | 16-18 | 19-21 | 22-24 || total
-------------------------+-------+-------+-------+-------+-------+-------+-------+-------++-------
Melee: Flail             |   107 |    48 |       |       |       |       |       |       ||   155
       Mace              |       |   168 |   339 |   312 |   237 |   118 |       |       ||  1174
       Kick              |       |    15 |   131 |   226 |   389 |   379 |   503 |   101 ||  1744
       Giant spiked club |       |       |    55 |   366 |   878 |   914 |  1225 |     6 ||  3444
       Whip              |       |       |       |     7 |       |       |       |       ||     7
       Eveningstar       |       |       |       |       |       |    39 |       |   175 ||   214
Throw: Javelin           |       |       |     8 |     5 |       |     2 |       |       ||    15
       Throwing net      |       |       |     1 |       |     2 |       |       |       ||     3
       Large rock        |       |       |       |       |     4 |    46 |    44 |     3 ||    97
 Cast: Swiftness         |       |       |       |       |       |       |     2 |       ||     2
Invok: Finesse           |       |       |       |     5 |    16 |    15 |    15 |     2 ||    53
Evoke: Wand              |       |       |       |     8 |     1 |    42 |    10 |       ||    61
       Lightning rod     |       |       |       |       |       |     2 |       |       ||     2
  Use: Potion            |       |     7 |     2 |    14 |     7 |     6 |     1 |     9 ||    46
       Scroll            |       |       |       |    25 |    12 |    17 |    15 |    10 ||    79
 Stab: Sleeping          |       |       |     1 |     2 |       |       |       |       ||     3
       Held in net/web   |       |       |     1 |       |       |       |       |       ||     1
       Petrified         |       |       |       |       |     4 |       |       |       ||     4
       Distracted        |       |       |       |       |     1 |     1 |     1 |       ||     3
       Paralysed         |       |       |       |       |       |     3 |       |       ||     3
  Eat: Chunk             |     2 |     8 |    14 |    28 |    22 |    36 |    27 |     4 ||   141
       Ration            |       |       |       |     3 |     7 |     7 |     5 |     1 ||    23
Armor: Robe              |    22 |    30 |    85 |   120 |    33 |       |       |       ||   290
       Skin              |       |     3 |     4 |    47 |    27 |       |       |       ||    81
       Quicksilver drago |       |       |       |       |   296 |   406 |   305 |       ||  1007
       Fire dragon scale |       |       |       |       |       |       |       |    34 ||    34
Dodge: Dodged            |    53 |   172 |   354 |   599 |   860 |  1021 |   875 |    82 ||  4016
Block: Other             |       |       |    23 |    33 |    76 |    12 |       |       ||   144
       Reflection        |       |       |       |     5 |     6 |    37 |       |       ||    48
       Large shield      |       |       |       |   108 |   111 |   131 |       |   172 ||   522
